Map: Dusk Towers

Players

PartinG

  • Race: Protoss Protoss

HuK - Winner!

  • Race: Protoss Protoss
  • League: Grandmaster

Event: DreamHack ROCCAT LotV Championship

VOD

Have the link to the VOD?

Description

Time

  • Played on: Nov. 26, 2015, 10:45 a.m.
  • Length: 4:50

All games in this series

Show
View Real Time Build Order
Export as new Build Order

PartinG Protoss 

Build Orders: Nexus First 

Get SALT Encoding   

  12  0:01  Probe (Chrono Boost)  
  13  0:11  Probe (Chrono Boost)  
  14  0:19  Pylon  
  14  0:22  Probe (Chrono Boost)  
  15  0:38  Probe (Chrono Boost)  
  16  0:48  Probe (Chrono Boost)  
  17  0:57  Nexus  
  17  1:06  Gateway  
  17  1:10  Probe (Chrono Boost)  
  18  1:16  Assimilator  
  18  1:20  Assimilator  
  18  1:23  Probe (Chrono Boost)  
  19  1:33  Probe (Chrono Boost)  
  20  1:43  Gateway  
  20  1:44  Probe (Chrono Boost)  
  21  1:54  Probe (Chrono Boost)  
  21  1:57  Cybernetics Core  
  22  2:05  Probe (Chrono Boost)  
  23  2:14  Probe (Chrono Boost)  
  25  2:15  Probe (Chrono Boost)  
  25  2:24  Probe (Chrono Boost)  
  25  2:26  Probe (Chrono Boost)  
  27  2:33  Stalker x2 (Chrono Boost)  
  27  2:36  Warp Gate  
  31  2:39  Mothership Core  
  31  2:42  Probe  
  34  2:47  Pylon  
  34  2:54  Probe  
  35  3:00  Stalker (Chrono Boost)  
  39  3:06  Stalker (Chrono Boost)  
  39  3:09  Probe x2  
  41  3:15  Pylon  
  41  3:16  Pylon  
  41  3:25  Probe x2 (Chrono Boost)  
  43  3:27  Assimilator  
  43  3:36  Probe x2 (Chrono Boost)  
  43  3:38  Stargate  
  45  3:49  Probe (Chrono Boost), Stargate  
  45  3:50  Probe (Chrono Boost)  
  47  4:00  Probe (Chrono Boost)  
  47  4:02  Assimilator  
  46  4:04  Probe (Chrono Boost)  
  47  4:10  Pylon  
  47  4:11  Probe (Chrono Boost)  
  47  4:15  Probe (Chrono Boost)  
  49  4:21  Probe (Chrono Boost)  
  49  4:24  Probe (Chrono Boost), Robotics Facility  
  50  4:25  Pylon, Phoenix (Chrono Boost)  
  53  4:32  Probe  
  53  4:37  Probe  
  57  4:38  Pylon  
Show
View Real Time Build Order
Export as new Build Order

HuK Protoss - Winner!

Build Orders: Dark Templar Rush 

Get SALT Encoding   

  12  0:01  Probe (Chrono Boost)  
  13  0:11  Probe (Chrono Boost)  
  14  0:18  Pylon  
  14  0:22  Probe (Chrono Boost)  
  15  0:37  Probe (Chrono Boost), Gateway  
  15  0:42  Assimilator  
  16  0:47  Probe (Chrono Boost)  
  17  0:51  Assimilator  
  17  0:58  Probe (Chrono Boost)  
  17  1:00  Pylon  
  18  1:08  Probe (Chrono Boost)  
  19  1:19  Probe (Chrono Boost)  
  20  1:26  Cybernetics Core  
  20  1:29  Probe (Chrono Boost)  
  21  1:40  Probe (Chrono Boost)  
  24  1:50  Probe (Chrono Boost)  
  25  1:58  Nexus  
  23  2:03  Mothership Core (Chrono Boost), Warp Gate (Chrono Boost)  
  25  2:16  Twilight Council  
  25  2:22  Probe  
  26  2:27  Gateway  
  26  2:34  Probe  
  27  2:46  Probe  
  27  2:47  Adept (Chrono Boost)  
  30  2:56  Dark Shrine  
  30  2:58  Probe  
  30  2:59  Pylon  
  31  3:10  Probe  
  31  3:14  Probe, Adept (Chrono Boost)  
  34  3:21  Adept (Chrono Boost)  
  34  3:23  Probe (Chrono Boost)  
  34  3:26  Probe (Chrono Boost)  
  38  3:33  Robotics Facility  
  38  3:38  Probe x2 (Chrono Boost)  
  40  3:49  Probe (Chrono Boost)  
  39  4:00  Probe x2 (Chrono Boost)  
  39  4:01  Stalker  
  39  4:02  Stalker  
  43  4:09  Pylon  
  43  4:12  Probe x2  
  45  4:24  Probe  
  45  4:26  Probe  
  45  4:28  Dark Templar x2  
  51  4:32  Assimilator  
  51  4:36  Probe  
  51  4:38  Assimilator  

Tags
 
Add a new tag
Caveats
  • Supply blocks, unpowered buildings, or Contaminate may cause inaccurate times.
  • Supply counts are checked every 10 seconds.